 Dungeon Crawl Stone Soup version 0.19.1-1-g22dce08 (webtiles) character file.

416 Vahdor the Chopper (level 7, -3/54 HPs)
             Began as a Human Fighter on Jan 5, 2017.
             Slain by an ogre
             ... wielding a +0 giant club
              (12 damage)
             ... on level 5 of the Dungeon on Jan 6, 2017.
             The game lasted 00:30:42 (4332 turns).

Vahdor the Chopper (Human Fighter)                  Turns: 4332, Time: 00:30:42

Health: -3/54      AC:  9    Str: 18    XL:     7   Next: 15%
Magic:  7/7        EV: 10    Int:  8    God:
Gold:   229        SH:  9    Dex: 13    Spells: 0 memorised, 6 levels left

rFire  . . .     SeeInvis .     a - +0 war axe
rCold  . . .     Gourm    .     Z - +0 leather armour (curse)
rNeg   . . .     Faith    .     c - +0 shield
rPois  .         Spirit   .     e - +0 helmet
rElec  .         Reflect  .     m - +0 cloak
rCorr  .         Harm     .     (no gloves)
MR     .....                    I - +2 pair of boots
Stlth  +.........               (no amulet)
                                (no ring)
                                (no ring)

@: no status effects
A: no striking features
a: no special abilities


You were on level 5 of the Dungeon.
You were hungry.

You visited 1 branch of the dungeon, and saw 5 of its levels.

You collected 229 gold pieces.

Inventory:

Hand Weapons
 a - a +0 war axe (weapon)
 g - a +0 club
 k - a +0 club
 r - a +0 dagger
 s - a +0 club
 v - a +0 dagger
 E - a +0 hand axe
 G - a +0 hand axe
 J - a +0 giant club
 K - a +0 rapier
 N - a +0 giant spiked club
 O - a +0 flail
 V - a +0 hand crossbow
Missiles
 h - 81 stones
 i - 7 needles of frenzy
 j - 50 arrows
 n - 8 bolts (quivered)
 p - 17 sling bullets
 y - 4 javelins
 D - 11 poisoned needles
 U - 3 needles of confusion
Armour
 b - a +1 scale mail
 c - a +0 shield (worn)
 e - a +0 helmet (worn)
 m - a +0 cloak (worn)
 o - a +0 robe
 u - a +0 scale mail
 B - a +0 leather armour
 C - a cursed +0 chain mail
 I - a +2 pair of boots (worn)
 M - a +0 leather armour
 Z - a cursed +0 leather armour (worn)
Scrolls
 q - a scroll of noise {unknown}
 A - a scroll of blinking
 F - a scroll of fog {unknown}
 H - a scroll of magic mapping
 L - a scroll of random uselessness
 W - 2 scrolls of teleportation
Potions
 d - a potion of might
 t - a potion of flight
 x - a potion of cancellation {unknown}
 z - 2 potions of curing
Comestibles
 f - 2 bread rations
 l - a beef jerky
 w - 6 meat rations


   Skills:
 + Level 4.2 Fighting
 + Level 4.6 Axes
 + Level 0.2 Throwing
 + Level 3.9 Armour
 + Level 1.7 Dodging
 + Level 4.1 Shields


You had 6 spell levels left.
You didn't know any spells.

Dungeon Overview and Level Annotations

Branches:
Dungeon (5/15)
 Temple: D:4-7

Altars:

Shops:
D:4 =


Message History

You see here a flail.
O - a flail
h - 81 stones (gained 17)
You open the door.
An ogre comes into view. It is wielding a giant club.
There is an open door here.
The ogre shouts!
You barely miss the ogre. The ogre hits you with a giant club!
You hit the ogre.
The ogre is lightly wounded.
The ogre hits you with a giant club!
You completely miss the ogre.
The ogre is lightly wounded.
The ogre barely misses you.
You hit the ogre.
The ogre is lightly wounded.
The ogre hits you with a giant club!!
* * * LOW HITPOINT WARNING * * *
The ogre hits you with a giant club!
You die...

###
#.###############
#...............##
#.#####...........
#.# #.##....#.## #.#
#.##.#....# ###@##
#.##.#....# #.O..#
#.##.#.##.## #....#
#.##.#...... #......
..##.###.###
#####.######.#......
# .# #.#.#.### .# #
.######.#.#.#.#
.######
................#
......#
#.######...#####


You could see an ogre.

Vanquished Creatures
  2 ogres (D:4)
  Jessica (D:3)
  A worker ant (D:4)
  2 hound skeletons (D:4)
  7 adders
  2 oozes
  2 dart slugs
  6 leopard geckos
  2 orcs
  6 giant cockroaches
  9 goblins
  9 hobgoblins
  11 jackals (D:1)
  2 quokkas (D:2)
  A ball python (D:3)
  5 bats
  5 frilled lizards
  7 kobolds
  A leopard gecko skeleton (D:4)
  A quokka skeleton (D:4)
  6 rats
88 creatures vanquished.

Notes
Turn   | Place    | Note
-------+----------+-------------------------------------------
     0 | D:1      | Vahdor the Human Fighter began the quest for the Orb.
     0 | D:1      | Reached XP level 1. HP: 18/18 MP: 1/1
   142 | D:1      | Reached XP level 2. HP: 17/24 MP: 2/2
   538 | D:1      | Reached XP level 3. HP: 29/29 MP: 3/3
  1454 | D:2      | Reached XP level 4. HP: 35/35 MP: 4/4
  1773 | D:2      | Reached XP level 5. HP: 36/42 MP: 5/5
  2292 | D:3      | Gained mutation: You are clumsy. (Dex -2) [potion of mutation]
  2292 | D:3      | Gained mutation: You are frail. (-10% HP) [potion of mutation]
  2292 | D:3      | Gained mutation: You are partially covered in rugged brown scales. (AC +1, +3% HP) [potion of mutation]
  2296 | D:3      | Lost mutation: You are clumsy. (Dex -2) [potion of cure mutation]
  2296 | D:3      | Lost mutation: You are frail. (-10% HP) [potion of cure mutation]
  2296 | D:3      | Lost mutation: You are partially covered in rugged brown scales. (AC +1, +3% HP) [potion of cure mutation]
  2414 | D:3      | Noticed Jessica
  2420 | D:3      | Killed Jessica
  2504 | D:3      | Reached skill level 1 in Dodging
  2943 | D:4      | Reached XP level 6. HP: 30/48 MP: 6/6
  3153 | D:4      | Found Gexzuude's Jewellery Emporium.
  3286 | D:4      | Noticed an ogre
  3295 | D:4      | Killed an ogre
  3409 | D:4      | Noticed an ogre
  3416 | D:4      | Killed an ogre
  3416 | D:4      | Reached XP level 7. HP: 11/54 MP: 7/7
  4061 | D:5      | Entered Level 5 of the Dungeon
  4332 | D:5      | Slain by an ogre

Skill      XL: |  1  2  3  4  5  6 |
---------------+-------------------+-----
Axes           | 3 4 |  4.6
Dodging        | 1 |  1.7
Fighting       | 4 |  4.2
Shields        | 4 |  4.1
Throwing       | |  0.2
Armour         | |  3.9

Action                   |  1- 3 |  4- 6 |  7- 9 || total
-------------------------+-------+-------+-------++-------
Melee: War axe           |   125 |   185 |    27 ||   337
Throw: Stone             |     1 |     1 |       ||     2
  Use: Scroll            |       |     8 |       ||     8
       Potion            |       |     5 |       ||     5
  Eat: Chunk             |     2 |     5 |     1 ||     8
       Beef jerky        |       |     1 |     1 ||     2
Armor: Scale mail        |    65 |    49 |       ||   114
       Leather armour    |       |    32 |    11 ||    43
Dodge: Dodged            |    46 |    64 |     8 ||   118
Block: Shield            |    68 |    94 |    12 ||   174
